Kradschützen Motorcycle Team
Construct Light Support Kompanie
Panzerjäger Mechanized Group
Selects L6/40 Light Tank Combat Group
L6/40 Light Tank Combat Group
Construct Mechanized Kompanie
Marder III Tank Destroyer
Selects Defensive Operations
Marder III Tank Destroyer
Selects Prepared Positions
L6/40 Light Tank Combat Group
Selects Obice 305mm Barrage
Construct Panzerarmee Kommand
Panzerjäger Mechanized Group
Construct Mechanized Kompanie